 Dungeon Crawl Stone Soup version 0.29-a0-459-g97dee8c (webtiles) character file.

Game seed: 9669919703058604356

4003 Toastz the Nimble (level 10, -1/77 HPs)
             Began as a Gnoll Gladiator on May 20, 2022.
             Was an Elder of Okawaru.
             Slain by Grum
             ... wielding a +1 spear of flaming
              (6 damage)
             ... on level 8 of the Dungeon.
             The game lasted 00:19:06 (9187 turns).

Toastz the Nimble (Gnoll Gladiator)                 Turns: 9187, Time: 00:19:06

Health: -1/77      AC: 17    Str: 24    XL:     10   Next: 23%
Magic:  0/17       EV: 12    Int:  7    God:    Okawaru [****..]
Gold:   376        SH: 10    Dex: 14    Spells: 19/19 levels left

rFire   . . .      SeeInvis .   a - +2 trident (vorpal)
rCold   . . .      Faith    .   i - +1 kite shield
rNeg    + . .      Spirit   +   E - +2 scale mail {rN+}
rPois   .          Reflect  .   c - +1 helmet
rElec   .          Harm     .   K - +2 cloak
rCorr   .          Rampage  .   (no gloves)
Will    +....                   M - +1 pair of boots
Stlth   ++........              m - amulet of guardian spirit
HPRegen 0.22/turn               p - ring of willpower
MPRegen 0.15/turn               y - +6 ring of strength

@: about to teleport
A: fangs 1, strong nose, distributed training
a: Renounce Religion, Heroism, Finesse


You were on level 8 of the Dungeon.
You worshipped Okawaru.
Okawaru was greatly pleased with you.
You visited 1 branch of the dungeon, and saw 8 of its levels.

You collected 376 gold pieces.

Inventory:

Hand Weapons
 a - a +2 vorpal trident (weapon)
 b - a +0 hunting sling
 H - a +0 short sword of venom
 R - a +6 falchion of holy wrath
Missiles
 d - 3 throwing nets
 e - a javelin
 s - 268 stones (quivered)
 B - 20 poisoned darts
 O - 3 curare-tipped darts
Armour
 c - a +1 helmet (worn)
 i - a +1 kite shield (worn)
 C - a +0 buckler
 E - a +2 scale mail of positive energy (worn)
 K - a +2 cloak (worn)
 M - a +1 pair of boots (worn)
 P - a +0 plate armour
Jewellery
 m - an amulet of guardian spirit (around neck)
 p - a ring of willpower (left hand)
 y - a +6 ring of strength (right hand)
 D - a ring of protection from cold
 J - a ring of fire
 N - a ring of willpower
Wands
 F - a wand of flame (10)
Scrolls
 f - a scroll of amnesia {unknown}
 g - a scroll of immolation {unknown}
 j - 2 scrolls of fog
 l - a scroll of blinking {unknown}
 n - 3 scrolls of silence
 o - 3 scrolls of magic mapping {unknown}
 q - 5 scrolls of teleportation
 t - a scroll of noise {unknown}
 A - a scroll of brand weapon {unknown}
 I - a scroll of summoning {unknown}
 Q - a scroll of identify
Potions
 h - a potion of resistance
 r - 2 potions of heal wounds
 u - 3 potions of haste
 v - 2 potions of attraction
 w - a potion of flight {unknown}
 x - a potion of brilliance {unknown}
 z - a potion of degeneration {unknown}
 L - 2 potions of mutation {unknown}


   Skills:
 + Level 6.9 Fighting
 + Level 5.1 Short Blades
 + Level 5.1 Long Blades
 + Level 5.1 Axes
 + Level 5.1 Maces & Flails
 + Level 8.4 Polearms
 + Level 5.1 Staves
 + Level 5.1 Slings
 + Level 5.1 Bows
 + Level 5.1 Crossbows
 + Level 6.9 Throwing
 + Level 5.1 Armour
 + Level 8.4 Dodging
 + Level 5.1 Stealth
 + Level 5.1 Shields
 + Level 5.1 Unarmed Combat
 + Level 5.1 Spellcasting
 + Level 4.2 Conjurations
 + Level 4.2 Hexes
 + Level 4.2 Summonings
 + Level 4.2 Necromancy
 + Level 4.2 Translocations
 + Level 4.2 Transmutations
 + Level 4.2 Fire Magic
 + Level 4.2 Ice Magic
 + Level 4.2 Air Magic
 + Level 4.2 Earth Magic
 + Level 4.2 Poison Magic
 + Level 5.6 Invocations
 + Level 5.1 Evocations


You had 19 spell levels left.
You didn't know any spells.
Your spell library contained the following spells:

 Spells                   Type           Power      Damage    Failure   Level
 Magic Dart               Conj           28%        1d4       32%         1
 Confusing Touch          Hex            7%         N/A       69%         3
 Mephitic Cloud           Conj/Pois/Air  7%         N/A       69%         3
 Portal Projectile        Hex/Tloc       14%        N/A       69%         3
 Leda's Liquefaction      Hex/Erth       3%         N/A       97%         4
 Yara's Violent Unravell  Hex/Tmut       3%         3d4       100%        5
 Enfeeble                 Hex            3%         N/A       100%        7
 Call Imp                 Summ           Unusable   N/A       N/A         2
 Call Canine Familiar     Summ           Unusable   N/A       N/A         3

Dungeon Overview and Level Annotations

Branches:
Dungeon (8/15)             Temple (0/1) D:6
   Lair: D:8-11

Altars:
Makhleb
Okawaru
Vehumet
Yredelemnul

Shops:
D:3 ?

Annotations:
D:8 Grum


Innate Abilities, Weirdness & Mutations

You have very sharp teeth.
Your uncanny sense of smell can sniff out nearby items.
Your experience applies equally to all skills.


Message History

Grum is heavily wounded.
Grum splashes around in the water.
The steam dragon breathes steam at you.
The ball of steam hits you but does no damage.
You puncture the steam dragon!
The steam dragon is moderately wounded.
The steam dragon breathes steam at you. The ball of steam misses you.
An orc priest comes into view. It is wielding a +0 falchion.
You are engulfed in a cloud of scalding steam.
* * * LOW HITPOINT WARNING * * *
The steam dragon breathes steam at you. The ball of steam misses you.
The orc priest moves out of view.
Reach: a) +2 trident (vorpal)
Press: ? - help, Dir - move target, f - steam dragon, p - Grum
Aim: a steam dragon (moderately wounded, about 33% to evade your +2 vorpal trident)
You reach to attack!
You closely miss the steam dragon.
The steam dragon is moderately wounded.
The orc priest shouts!
Reach: a) +2 trident (vorpal)
Press: ? - help, Dir - move target, f/p - steam dragon
Aim: a steam dragon (steam, moderately wounded, about 33% to evade your +2 vorpal trident)
You barely miss the steam dragon.
The steam dragon is moderately wounded.
The orc priest drinks a potion.
The orc priest seems to speed up.
The steam dragon bites you.
* * * LOW HITPOINT WARNING * * *
The steam dragon claws you but does no damage.
You hit the steam dragon but do no damage.
Your bite misses the steam dragon.
The steam dragon is moderately wounded.
Grum closely misses you. The steam dragon breathes steam at you.
The ball of steam hits you!
* * * LOW HITPOINT WARNING * * *
As you read the scroll of teleportation, it crumbles to dust.
You feel strangely unstable.
You are engulfed in a cloud of scalding steam.
Grum hits you from afar with a +1 spear of flaming!
You die...

...# ###+##
#...#........#
...###....#
#...#........#
..........#
#...########.#
.#####....#
#######...# ..
.# #....#
#§§.......# .
.### #....#
#.§.....###
...# ##..##
#§§...§.# #...
.#.####..#
#..§....#
#...#
###......#
#...@§..#
#....
...#.....#
#####D###
#....
.#....##.# #g#
##...# ##...#
.# #h# ##....#
P..#.. .# #h#
##.....#
P..≈#..#.#
#o###...#
....#..#.#
#.≈#.{..# ##.
P##....#.#
##....yg#.....
#...#.Y...#


You could see Grum, a steam dragon, 2 wolves and an orc priest (fast).

Vanquished Creatures
  An ugly thing (D:8)
  A troll (D:5)
  2 yaks (D:8)
  Eustachio (D:6)
  A steam dragon (D:7)
  2 water moccasins
  Duvessa (D:6)
  An orc warrior (D:8)
  A sky beast (D:8)
  3 black bears
  An ice beast (D:6)
  2 ogres
  2 centaurs
  2 kobold brigands (D:8)
  3 phantoms
  Blork the orc (D:4)
  3 bullfrogs
  A necrophage (D:4)
  Dowan (D:6)
  7 killer bees
  2 howler monkeys
  5 crimson imps (D:7)
  3 hounds
  A jelly (D:5)
  An orc priest (D:5)
  3 iguanas
  Natasha (D:4)
  3 orc wizards
  4 adders
  A shadow imp (D:6)
  4 white imps
  An ufetubus (D:5)
  2 worms
  A dart slug (D:2)
  21 orcs
  6 ball pythons
  5 endoplasms
  4 giant cockroaches
  10 goblins
  9 hobgoblins
  9 jackals
  3 quokkas
  5 bats
  4 frilled lizards
  13 kobolds
  21 rats
179 creatures vanquished.

Vanquished Creatures (others)
  A crimson imp (D:7)
1 creature vanquished.

Grand Total: 180 creatures vanquished

Notes
Turn   | Place    | Note
-------+----------+-------------------------------------------
     0 | D:1      | Toastz the Gnoll Gladiator began the quest for the Orb.
     0 | D:1      | Reached XP level 1. HP: 20/20 MP: 1/1
   114 | D:1      | Reached XP level 2. HP: 26/26 MP: 2/2
   176 | D:1      | Reached XP level 3. HP: 17/31 MP: 3/3
   611 | D:1      | Reached skill level 1 in Invocations
   905 | D:2      | Reached skill level 1 in Short Blades
   905 | D:2      | Reached skill level 1 in Long Blades
   905 | D:2      | Reached skill level 1 in Axes
   905 | D:2      | Reached skill level 1 in Maces & Flails
   905 | D:2      | Reached skill level 1 in Staves
   905 | D:2      | Reached skill level 1 in Slings
   905 | D:2      | Reached skill level 1 in Bows
   905 | D:2      | Reached skill level 1 in Crossbows
   905 | D:2      | Reached skill level 1 in Armour
   905 | D:2      | Reached skill level 1 in Stealth
   905 | D:2      | Reached skill level 1 in Shields
   905 | D:2      | Reached skill level 1 in Unarmed Combat
   905 | D:2      | Reached skill level 1 in Spellcasting
   905 | D:2      | Reached skill level 1 in Evocations
  1163 | D:2      | Reached XP level 4. HP: 38/38 MP: 5/5
  1507 | D:2      | Found a faded altar of an unknown god.
  1766 | D:3      | Reached skill level 1 in Conjurations
  1766 | D:3      | Reached skill level 1 in Hexes
  1766 | D:3      | Reached skill level 1 in Summonings
  1766 | D:3      | Reached skill level 1 in Necromancy
  1766 | D:3      | Reached skill level 1 in Translocations
  1766 | D:3      | Reached skill level 1 in Transmutations
  1766 | D:3      | Reached skill level 1 in Fire Magic
  1766 | D:3      | Reached skill level 1 in Ice Magic
  1766 | D:3      | Reached skill level 1 in Air Magic
  1766 | D:3      | Reached skill level 1 in Earth Magic
  1766 | D:3      | Reached skill level 1 in Poison Magic
  1769 | D:3      | Found Yhurid Dalo's Magic Scroll Emporium.
  2047 | D:3      | Found a basalt altar of Yredelemnul.
  2048 | D:3      | Found a radiant altar of Vehumet.
  2048 | D:3      | Found an iron altar of Okawaru.
  2050 | D:3      | Found a burning altar of Makhleb.
  2073 | D:3      | Became a worshipper of Warmaster Okawaru
  2381 | D:4      | Noticed Natasha
  2387 | D:4      | Killed Natasha
  2388 | D:4      | Reached XP level 5. HP: 43/43 MP: 5/7
  2569 | D:4      | Noticed a water moccasin
  2581 | D:4      | Killed a water moccasin
  2582 | D:4      | Reached XP level 6. HP: 39/50 MP: 8/8
  2665 | D:4      | Reached skill level 5 in Fighting
  2665 | D:4      | Reached skill level 5 in Throwing
  2883 | D:4      | Noticed a black bear
  2892 | D:4      | Killed a black bear
  2892 | D:4      | Reached * piety under Okawaru
  3125 | D:4      | Noticed Blork the orc
  3137 | D:4      | Killed Blork the orc
  3138 | D:4      | Reached XP level 7. HP: 28/56 MP: 10/10
  3713 | D:5      | Entered Level 5 of the Dungeon
  4642 | D:5      | Reached ** piety under Okawaru
  4643 | D:5      | Reached XP level 8. HP: 60/63 MP: 12/12
  5417 | D:6      | Noticed a troll
  5464 | D:5      | HP: 2/63 [troll (9)]
  5469 | D:5      | Killed a troll
  5793 | D:6      | Found a staircase to the Ecumenical Temple.
  5912 | D:6      | Noticed Duvessa
  5914 | D:6      | Noticed Dowan
  5932 | D:6      | Killed Duvessa
  6149 | D:6      | Killed Dowan
  6477 | D:6      | Noticed Eustachio
  6514 | D:6      | Killed Eustachio
  6515 | D:6      | Reached XP level 9. HP: 69/69 MP: 14/14
  6837 | D:6      | Reached *** piety under Okawaru
  8441 | D:7      | Reached skill level 5 in Invocations
  9130 | D:8      | Noticed a cyan ugly thing
  9132 | D:8      | Noticed Grum
  9142 | D:8      | Reached XP level 10. HP: 53/77 MP: 11/17
  9155 | D:8      | Killed a cyan ugly thing
  9155 | D:8      | Reached **** piety under Okawaru
  9156 | D:8      | Reached skill level 5 in Short Blades
  9156 | D:8      | Reached skill level 5 in Long Blades
  9156 | D:8      | Reached skill level 5 in Axes
  9156 | D:8      | Reached skill level 5 in Maces & Flails
  9156 | D:8      | Reached skill level 5 in Staves
  9156 | D:8      | Reached skill level 5 in Slings
  9156 | D:8      | Reached skill level 5 in Bows
  9156 | D:8      | Reached skill level 5 in Crossbows
  9156 | D:8      | Reached skill level 5 in Armour
  9156 | D:8      | Reached skill level 5 in Stealth
  9156 | D:8      | Reached skill level 5 in Shields
  9156 | D:8      | Reached skill level 5 in Unarmed Combat
  9156 | D:8      | Reached skill level 5 in Spellcasting
  9156 | D:8      | Reached skill level 5 in Evocations
  9169 | D:8      | Received a gift from Okawaru
  9187 | D:8      | Slain by Grum

Illustrated notes

Levels and vault maps discovered:
D:1:      co_arrival_random_square_maze, layout_basic
D:2:      layout_rooms, hellmonk_ecumenical_altar_prayer_group,
          grunt_ministairs_11
D:3:      layout_rooms, grunt_temple_overflow_open, serial_shops, shop
D:4:      layout_loops_corners, dreamdust_princess_bridge, minmay_rat_hole,
          uniq_natasha, uniq_blork_the_orc
D:5:      layout_loops_corners
D:6:      layout_rooms, minmay_temple_entry_gardened_gates, grunt_decor_cap,
          uniq_duvessa, uniq_eustachio
D:7:      layout_cave_pods, minmay_nine_imps
D:8:      hangedman_cross_stitches, layout_basic,
          nemelex_xobeh_ov_fountains_minmay, dpeg_oklobed_lair, uniq_grum

Skill      XL: |  1  2  3  4  5  6  7  8  9 10 |
---------------+-------------------------------+-----
Invocations    | 1 2 3 4 5 |  5.6
Short Blades   | 1 2 3 4 5 |  5.1
Long Blades    | 1 2 3 4 5 |  5.1
Axes           | 1 2 3 4 5 |  5.1
Maces & Flails | 1 2 3 4 5 |  5.1
Staves         | 1 2 3 4 5 |  5.1
Slings         | 1 2 3 4 5 |  5.1
Bows           | 1 2 3 4 5 |  5.1
Crossbows      | 1 2 3 4 5 |  5.1
Armour         | 1 2 3 4 5 |  5.1
Stealth        | 1 2 3 4 5 |  5.1
Shields        | 1 2 3 4 5 |  5.1
Unarmed Combat | 1 2 3 4 5 |  5.1
Spellcasting   | 1 2 3 4 5 |  5.1
Evocations     | 1 2 3 4 5 |  5.1
Conjurations   | 1 2 3 4 |  4.2
Hexes          | 1 2 3 4 |  4.2
Summonings     | 1 2 3 4 |  4.2
Necromancy     | 1 2 3 4 |  4.2
Translocations | 1 2 3 4 |  4.2
Transmutations | 1 2 3 4 |  4.2
Fire Magic     | 1 2 3 4 |  4.2
Ice Magic      | 1 2 3 4 |  4.2
Air Magic      | 1 2 3 4 |  4.2
Earth Magic    | 1 2 3 4 |  4.2
Poison Magic   | 1 2 3 4 |  4.2
Fighting       | 5 6 |  6.9
Throwing       | 5 6 |  6.9
Polearms       | 7 8 |  8.4
Dodging        | 7 8 |  8.4

Action                   |  1- 3 |  4- 6 |  7- 9 | 10-12 || total
-------------------------+-------+-------+-------+-------++-------
Melee: Trident           |   133 |   102 |   512 |    41 ||   788
       Bite              |    13 |     8 |    37 |     3 ||    61
       Falchion          |       |       |     7 |       ||     7
 Fire: Hunting sling     |       |    13 |     1 |       ||    14
Throw: Stone             |       |     2 |     2 |       ||     4
       Dart              |       |     3 |     7 |       ||    10
Invok: Heroism           |       |       |     6 |       ||     6
Evoke: Wand              |       |     1 |     5 |       ||     6
  Use: Scroll            |     3 |     2 |     4 |     1 ||    10
       Potion            |       |     1 |     4 |       ||     5
 Stab: Distracted        |       |     1 |     1 |       ||     2
       Sleeping          |       |       |     3 |       ||     3
Armor: Leather armour    |    27 |       |       |       ||    27
       Ring mail         |    16 |    26 |    42 |       ||    84
       Scale mail        |       |       |    90 |    13 ||   103
       Plate armour      |       |       |    96 |       ||    96
Dodge: Dodged            |   102 |    34 |   304 |    12 ||   452
Block: Kite shield       |     5 |    10 |   175 |    15 ||   205
       Buckler           |       |     8 |    41 |       ||    49

Table legend: (Time is in decaauts)
 A = Elapsed time spent in this place.
 B = Non-inter-level travel time spent in this place.
 C = Inter-level travel time spent in this place.
 D = Time resting spent in this place.
 E = Time spent auto-exploring this place.
 F = Levels seen in this place.
 G = Mean time per level.
                   A        B        C        D        E       F      G
               +--------+--------+--------+--------+--------+-----+--------+
         Total |   9185 |   8828 |    357 |   2384 |   4667 |   8 | 1148.1 |
       Dungeon |   9185 |   8828 |    357 |   2384 |   4667 |   8 | 1148.1 |
               +--------+--------+--------+--------+--------+-----+--------+

Top non-repeatable levels by time:
     D:5: 2081 daAuts
     D:4: 1588 daAuts
     D:6: 1450 daAuts
     D:7: 1385 daAuts
     D:2: 817 daAuts
     D:1: 812 daAuts
     D:3: 624 daAuts
     D:8: 426 daAuts
